 Dungeon Crawl Stone Soup version 0.29.1-1-gd02db6906a (webtiles) character file.

Game seed: 16426706763590027137

43 fireball365 the Covered (level 3, 0/33 HPs)
             Began as a Minotaur Fighter on Oct 12, 2022.
             Slain by a gnoll
             ... wielding a +0 halberd
              (12 damage)
             ... on level 2 of the Dungeon.
             The game lasted 00:04:52 (1363 turns).

fireball365 the Covered (Minotaur Fighter)          Turns: 1363, Time: 00:04:52

Health: 0/33       AC:  7    Str: 20    XL:     3   Next: 37%
Magic:  11/11      EV:  9    Int:  5    God:
Gold:   108        SH:  4    Dex: 11    Spells: 2/2 levels left

rFire   + . .      SeeInvis .   a - +0 war axe
rCold   . . .      Faith    .   c - +0 buckler
rNeg    . . .      Spirit   .   b - +0 scale mail
rPois   .          Reflect  .   (helmet restricted)
rElec   .          Harm     .   (no cloak)
rCorr   .          Rampage  .   (no gloves)
Will    .....                   (no boots)
Stlth   ..........              (no amulet)
HPRegen 0.11/turn               h - ring of magical power
MPRegen 0.12/turn               s - ring of protection from fire

@: no status effects
A: horns 2, retaliatory headbutt
a: no special abilities


You were on level 2 of the Dungeon.
You visited 1 branch of the dungeon, and saw 2 of its levels.

You collected 108 gold pieces.

Inventory:

Hand Weapons
 a - a +0 war axe (weapon)
Missiles
 m - 10 stones (quivered)
 q - 6 poisoned darts
Armour
 b - a +0 scale mail (worn)
 c - a +0 buckler (worn)
Jewellery
 h - a ring of magical power (left hand)
 s - a ring of protection from fire (right hand)
Scrolls
 e - 2 scrolls of identify {unknown}
 f - 2 scrolls of noise {unknown}
 g - a scroll of torment {unknown}
 i - a scroll of enchant armour {unknown}
 j - a scroll of magic mapping {unknown}
 k - a scroll of teleportation {unknown}
Potions
 d - a potion of might
 l - a potion of brilliance {unknown}
 n - a potion of lignification {unknown}
 o - a potion of resistance {unknown}
 p - a potion of curing {unknown}
 r - a potion of heal wounds {unknown}


   Skills:
 - Level 3.9 Fighting
 * Level 3.4 Axes
 + Level 4.1 Armour
 + Level 0.6 Dodging
 + Level 4.0 Shields


You had 2 spell levels left.
You didn't know any spells.
Your spell library contained the following spells:

 Spells                   Type           Power      Damage    Failure   Level
 Sting                    Tmut/Pois      0%         1d3       89%         1
 Poisonous Vapours        Pois/Air       0%         N/A       96%         2
 Olgreb's Toxic Radiance  Pois           0%         N/A       100%        4


Dungeon Overview and Level Annotations

Branches:
Dungeon (2/15)

Altars:

Shops:
D:2 [((:

Annotations:
D:2 1 runed translucent door, Crazy Yiuf


Innate Abilities, Weirdness & Mutations

You have a pair of horns on your head.
You reflexively headbutt those who attack you in melee.


Message History

A gnoll comes into view. It is wielding a +0 halberd.
Found a mace.
The gnoll shouts!
You hear a shout!
A bat comes into view. x2; A ball python comes into view.
A rat comes into view.
The bat moves out of view. x2
The ball python hisses angrily.
A hobgoblin and a goblin come into view.
A rat comes into view.
The hobgoblin moves out of view.
Found a buckler.
The bat barely misses you. The bat hits you but does no damage.
The bat barely misses you. You furiously retaliate!
You headbutt the bat!
You kill the bat!
Found a book of Debilitation.
You block the bat's attack. The bat barely misses you.
You block the gnoll's attack. The goblin hits you but does no damage.
The bat hits you. The bat attacks as you move away!
The bat hits you but does no damage. The bat barely misses you.
The goblin hits you but does no damage. The goblin attacks as you move away!
You block the goblin's attack. The bat closely misses you.
You slash the bat!
You kill the bat!
The ball python misses you. x2
You hit the ball python.
You kill the ball python!
You closely miss the hobgoblin. You headbutt the hobgoblin.
You kill the hobgoblin!
The gnoll closely misses you. The rat bites you but does no damage.
The gnoll hits you from afar with a +0 halberd!
You slash the rat!
You kill the rat!
The gnoll barely misses you.
You slash the rat!
You kill the rat!
The gnoll hits you from afar with a +0 halberd!
The gnoll completely misses you. You block the goblin's attack.
You hit the goblin.
You kill the goblin!
The gnoll hits you from afar with a +0 halberd!
You die...

.###.###..##.# #.##. . ##
#......## .. .... .. #
#####..##. . .?.#.#
#.....# ).... ## #..##...
...# #. #..##.#.##.#g#.#
##.# ###.
#......[.......# ..###...
#..##.###)##.#.#.
#.#.....
#........@.g.....
#.#.#...
#..####.###.##.#.
#...###.
#..####.###.##.#.##.#.#
#.
#..................#.####
##..........## ##........
######.###.# #.##.####
#)...>#####....#
#####.......####
#########


You could see a gnoll.

Vanquished Creatures
  A worm (D:2)
  A dart slug (D:1)
  4 bats
  2 endoplasms (D:1)
  2 giant cockroaches (D:2)
  A goblin (D:2)
  4 hobgoblins
  4 jackals (D:1)
  2 kobolds
  A quokka (D:1)
  6 ball pythons
  2 frilled lizards
  6 rats
36 creatures vanquished.

Notes
Turn   | Place    | Note
-------+----------+-------------------------------------------
     0 | D:1      | fireball365 the Minotaur Fighter began the quest for the
                  | Orb.
     0 | D:1      | Reached XP level 1. HP: 19/19 MP: 0/0
   163 | D:1      | Reached XP level 2. HP: 23/27 MP: 1/1
   851 | D:2      | Reached XP level 3. HP: 31/33 MP: 2/2
   880 | D:2      | Found Utuetehi's Armour Emporium.
  1071 | D:2      | Found a runed translucent door.
  1072 | D:2      | Noticed Crazy Yiuf
  1093 | D:2      | Found Imugux's Weapon Boutique.
  1123 | D:2      | Found Jerafopt's Weapon Boutique.
  1146 | D:2      | Found Vaxegeto's Book Shoppe.
  1363 | D:2      | Slain by a gnoll

Illustrated notes

Levels and vault maps discovered:
D:1:      amcnicky_arrival_choice, layout_basic, hex_tiny
D:2:      layout_loops_ring, serial_shops, nicolae_shop_hallway_stairs, shop,
          nicolae_shop_waterfront, shop, nicolae_shop_bloodbath_and_beyond,
          shapermc_ecumenical_altar_petra, minmay_diced_spiral,
          uniq_crazy_yiuf_cottage

Skill      XL: |  1  2 |
---------------+-------+-----
Armour         | 4 |  4.1
Shields        | 4 |  4.0
Axes           | 3 |  3.4
Fighting       | |  3.9
Dodging        | |  0.6

Action                   || total
-------------------------++-------
Melee: War axe           ||    58
       Headbutt          ||     6
Armor: Scale mail        ||    46
Dodge: Dodged            ||    47
Block: Buckler           ||    15
